 Dungeon Crawl Stone Soup version 0.21.0-3-g78d12a8 (webtiles) character file.

103 emikaela the Vexing (level 4, -1/30 HPs)
             Began as a Mummy Enchanter on Jan 16, 2018.
             Killed by divine providence
             ... invoked by an orc priest
              (14 damage)
             ... on level 3 of the Dungeon.
             The game lasted 00:14:38 (4281 turns).

emikaela the Vexing (Mummy Enchanter)               Turns: 4281, Time: 00:14:40

Health: -1/30      AC:  3    Str: 11    XL:     4   Next: 51%
Magic:  3/9        EV: 12    Int: 15    God:
Gold:   93         SH:  0    Dex: 12    Spells: 4/10 levels left

rFire    x . .     SeeInvis .   a - +1 dagger
rCold    + . .     Gourm    .   (no shield)
rNeg     + + +     Faith    .   b - +0 robe
rPois    ∞         Spirit   .   (no helmet)
rElec    .         Reflect  .   (no cloak)
rCorr    .         Harm     .   (no gloves)
MR       .....                  m - +0 pair of boots (curse)
Stlth    ++........             (no amulet)
HPRegen  0.10/turn              (no ring)
MPRegen  0.11/turn              (no ring)

@: no status effects
A: no food or potions, fire vulnerability, cold resistance 1, negative energy
resistance 3, torment resistance, unbreathing
a: no special abilities


You were on level 3 of the Dungeon.
You were not hungry.

You visited 1 branch of the dungeon, and saw 3 of its levels.

You collected 93 gold pieces.

Inventory:

Hand Weapons
 a - a +1 dagger (weapon)
 g - a +2 dagger of draining
Missiles
 e - 17 arrows
 s - 30 stones (quivered)
 S - 10 sling bullets
Armour
 b - a +0 robe (worn)
 m - a cursed +0 pair of boots (worn)
Jewellery
 d - a +3 ring of dexterity {unknown}
 f - a cursed ring of wizardry {unknown}
 k - an uncursed ring of magical power {unknown}
Scrolls
 h - a scroll of immolation {!r}
 i - a scroll of amnesia {unknown}
 j - a scroll of enchant weapon
 l - a scroll of fog {unknown}
 M - 4 scrolls of magic mapping
 T - 2 scrolls of teleportation
Books
 c - a book of Maledictions


   Skills:
 + Level 1.6 Short Blades
 - Level 1.5 Dodging
 + Level 2.5 Stealth
 + Level 3.6 Spellcasting
 * Level 3.7 Hexes
 - Level 1.0 Ice Magic


You had 4 spell levels left.
You knew the following spells:

 Your Spells              Type           Power        Failure   Level  Hunger
a - Corona                Hex            ##.....      4%          1    N/A
c - Confuse               Hex            ##......     12%         3    N/A
e - Ensorcelled Hibernat  Hex/Ice        #.....       11%         2    N/A

Dungeon Overview and Level Annotations

Branches:
Dungeon (3/15)

Altars:


Innate Abilities, Weirdness & Mutations

You do not eat or drink.
Your flesh is vulnerable to fire.
You are immune to poison.
Your flesh is cold resistant. (rC+)
You are immune to negative energy. (rN+++)
You are immune to unholy pain and torment.
You can survive without breathing.


Message History

Aiming: Ensorcelled Hibernation
Press: ? - help, Shift-Dir - straight line, f/p - orc priest
Aim: an orc priest, wielding a flail and wearing a leather armour (severely wounded, chance to defeat MR: 40%)
The orc priest resists with some effort.
* * * LOW MAGIC WARNING * * *
The orc priest looks satisfied for a moment.
The orc priest casts a cantrip, but nothing happens.
There is an open door here.
Casting: Ensorcelled Hibernation
Confirm with . or Enter, or press ? or * to list all spells.
Aiming: Ensorcelled Hibernation
Press: ? - help, Shift-Dir - straight line, f/p - orc priest
Aim: an orc priest, wielding a flail and wearing a leather armour (severely wounded, chance to defeat MR: 40%)
The orc priest resists with some effort.
* * * LOW MAGIC WARNING * * *
The orc priest looks braver for a moment.
The orc priest looks encouraged for a moment.
The orc priest calls down the wrath of Beogh upon you.
Beogh smites you!
You die...

.............>##.#
########.#######.#
#.....# #.# #.#####
#.# ####.# #.#
.....# #.#
################.#
..............##.#
#############.##@#
#.o.....#.#
########.####..#.#
......o..# #o.#.#
#############..#.#
...............#o#
..............##.###
.#.##..............#
.#.##.##########.#.#


You could see an orc priest.

Vanquished Creatures
  3 adders
  An ooze (D:2)
  A worm (D:3)
  A dart slug (D:2)
  6 orcs
  7 bats
  8 goblins
  7 hobgoblins
  4 jackals
  2 quokkas (D:2)
  6 frilled lizards
  6 kobolds
  7 rats
59 creatures vanquished.

Notes
Turn   | Place    | Note
-------+----------+-------------------------------------------
     0 | D:1      | emikaela the Mummy Enchanter began the quest for the Orb.
     0 | D:1      | Reached XP level 1. HP: 13/13 MP: 4/4
   129 | D:1      | Reached skill level 1 in Short Blades
   217 | D:1      | Reached XP level 2. HP: 17/19 MP: 3/5
   221 | D:1      | Learned a level 2 spell: Ensorcelled Hibernation
  1655 | D:2      | Reached XP level 3. HP: 24/24 MP: 1/7
  1672 | D:2      | Learned a level 3 spell: Confuse
  2706 | D:3      | Reached XP level 4. HP: 30/30 MP: 9/9
  2840 | D:3      | Reached skill level 1 in Ice Magic
  4281 | D:3      | Killed from afar by an orc priest

Skill      XL: |  1  2  3  4 |
---------------+-------------+-----
Short Blades   | 1 |  1.6
Hexes          | 3 |  3.7
Spellcasting   | 3 |  3.6
Ice Magic      | 1 |  1.0
Dodging        | |  1.5
Stealth        | |  2.5

Action                   |  1- 3 |  4- 6 || total
-------------------------+-------+-------++-------
Melee: Dagger            |   116 |    43 ||   159
Throw: Stone             |    50 |    16 ||    66
 Cast: Corona            |    25 |       ||    25
       Ensorcelled Hiber |    21 |    30 ||    51
       Confuse           |     3 |     2 ||     5
  Use: Scroll            |     4 |       ||     4
 Stab: Sleeping          |    13 |    19 ||    32
Armor: Robe              |    24 |     4 ||    28
Dodge: Dodged            |    86 |    12 ||    98
